 Dungeon Crawl Stone Soup version 0.28.0-43-g3370ac3207 (webtiles) character file.

Game seed: 15618294707989172368

966 Orthodox the Skirmisher (level 8, -5/67 HPs)
             Began as a Barachi Fighter on Mar 6, 2022.
             Was a Follower of Okawaru.
             Slain by a two-headed ogre
             ... wielding a +0 giant club
              (20 damage)
             ... on level 5 of the Dungeon.
             The game lasted 00:19:15 (5816 turns).

Orthodox the Skirmisher (Barachi Fighter)           Turns: 5816, Time: 00:19:15

Health: -5/67      AC:  9    Str: 19    XL:     8   Next: 15%
Magic:  8/8        EV:  9    Int: 10    God:    Okawaru [*.....]
Gold:   244        SH:  5    Dex: 11    Spells: 7/7 levels left

rFire   . . .      SeeInvis .   a - +0 long sword
rCold   . . .      Faith    .   c - +0 buckler
rNeg    . . .      Spirit   .   b - +0 scale mail
rPois   .          Reflect  .   (no helmet)
rElec   .          Harm     .   s - +0 cloak
rCorr   .          Rampage  .   (no gloves)
Will    .....                   j - +0 pair of boots
Stlth   ..........              r - amulet of regeneration
HPRegen 1.01/turn               (no ring)
MPRegen 0.11/turn               (no ring)

@: mighty, slow
A: amphibious, slowness 1, strong legs 1, +LOS
a: Hop, Renounce Religion, Heroism


You were on level 5 of the Dungeon.
You worshipped Okawaru.
Okawaru was aware of your devotion.
You visited 2 branches of the dungeon, and saw 6 of its levels.

You collected 244 gold pieces.

Inventory:

Hand Weapons
 a - a +0 long sword (weapon)
Armour
 b - a +0 scale mail (worn)
 c - a +0 buckler (worn)
 j - a +0 pair of boots (worn)
 m - a +0 plate armour
 s - a +0 cloak (worn)
 u - a scarf of repulsion
Jewellery
 r - an amulet of regeneration (around neck)
Scrolls
 f - 2 scrolls of fog {unknown}
 g - a scroll of magic mapping {unknown}
 h - 3 scrolls of brand weapon {unknown}
 i - 3 scrolls of teleportation
 k - 2 scrolls of amnesia {unknown}
 n - 2 scrolls of vulnerability {unknown}
 q - a scroll of enchant weapon {unknown}
 t - a scroll of identify {unknown}
Potions
 d - a potion of might
 e - a potion of curing {@q1}
 l - 2 potions of flight {unknown}
 o - 2 potions of degeneration {unknown}
 p - a potion of mutation {unknown}


   Skills:
 + Level 7.5 Fighting
 + Level 7.0 Long Blades
 - Level 5.0 Armour
 - Level 5.2 Shields


You had 7 spell levels left.
You didn't know any spells.
Your spell library contained the following spells:

 Spells                   Type           Power      Damage    Failure   Level
 Pain                     Necr           0%         1d4       80%         1
 Scorch                   Fire           0%         2d5       91%         2
 Vampiric Draining        Necr           0%         2d6       99%         3
 Flame Wave               Conj/Fire      0%         2d4       100%        4
 Animate Skeleton         Necr           Unusable   N/A       N/A         1
 Summon Cactus Giant      Summ           Unusable   N/A       N/A         6

Dungeon Overview and Level Annotations

Branches:
Dungeon (5/15)             Temple (1/1) D:4

Altars:
Ashenzari
Cheibriados
Dithmenos
Elyvilon
Fedhas
Gozag
Hepliaklqana
Kikubaaqudgha
Makhleb
Nemelex Xobeh
Okawaru
Qazlal
Ru
Sif Muna
Trog
Uskayaw
Vehumet
Wu Jian
Xom
Yredelemnul
Zin
The Shining One


Innate Abilities, Weirdness & Mutations

You are amphibious.
You cover ground slowly.
You can hop short distances.
You have an extended range of vision and can be seen from far away.


Message History

You start waiting.
A hound is nearby!
You slash the hound!
The hound is severely wounded.
The hound bites you but does no damage. The hound barely misses you.
You hit the hound.
The hound is almost dead.
You block the hound's attack.
You closely miss the hound.
The hound is almost dead.
The hound bites you. The hound completely misses you.
You take 1 damage, and have 66/67 hp.
You closely miss the hound.
The hound is almost dead.
You block the hound's attack.
Health restored: 67 You feel very mighty all of a sudden.
You slash the two-headed ogre!
The two-headed ogre is lightly wounded.
You block the two-headed ogre's attack. The two-headed ogre misses you.
You slice the two-headed ogre!!
The two-headed ogre is heavily wounded.
The two-headed ogre hits you with a +0 giant club!
The two-headed ogre hits you with a +0 giant spiked club.
You take 15 damage, and have 52/67 hp.
MASSIVE DAMAGE!!
You slash the two-headed ogre!
The two-headed ogre is heavily wounded.
The two-headed ogre hits you with a +0 giant club!!
The two-headed ogre hits you with a +0 giant spiked club.
You take 26 damage, and have 26/67 hp.
MASSIVE DAMAGE!!
You barely miss the two-headed ogre.
The two-headed ogre is heavily wounded.
The two-headed ogre barely misses you.
The two-headed ogre hits you with a +0 giant spiked club!
* * * LOW HITPOINT WARNING * * *
You take 12 damage, and have 14/67 hp.
You completely miss the two-headed ogre.
The two-headed ogre is heavily wounded.
The two-headed ogre hits you with a +0 giant club!!
You die...

....#.....##.#####.......########
....+.....##.....................
....#.....##.#####...##.########.
##+##........#####...##.# #.
........................########.
##.#...#.......................'.
.....#...###########.###########.
.#...#...#.......Oh....... #.
.........#..##..@#Z...#### #.
.........#.# #...#....# #.
.........#.###..##..h.# #.
..###....#......###..... #.
..##.....#.....## ...#O.. #.
.........#.†.### ...# .. #.
.......).#.#### #..# . #.
..###....#....#### ..# #. #.#
##...#.......## #.


You could see a two-headed ogre and a hound.

Vanquished Creatures
  A water moccasin (D:4)
  A black bear (D:5)
  3 scorpions
  2 water moccasin skeletons (D:5)
  2 bullfrog zombies (D:5)
  A gnoll shaman (D:4)
  2 hounds (D:5)
  A jelly (D:5)
  3 iguanas
  2 hound zombies (D:5)
  2 hound skeletons (D:4)
  Robin (D:3)
  3 gnolls (D:4)
  5 adders
  An ufetubus (D:5)
  2 worms
  A dart slug (D:4)
  8 orcs
  4 bats
  2 endoplasms
  A giant cockroach (D:3)
  18 goblins
  7 hobgoblins
  4 jackals (D:5)
  2 quokkas (D:4)
  2 ball pythons (D:1)
  3 frilled lizards
  5 kobolds
  A quokka skeleton (D:4)
  7 rats
97 creatures vanquished.

Notes
Turn   | Place    | Note
-------+----------+-------------------------------------------
     0 | D:1      | Orthodox the Barachi Fighter began the quest for the Orb.
     0 | D:1      | Reached XP level 1. HP: 18/18 MP: 1/1
   442 | D:1      | Reached XP level 2. HP: 25/25 MP: 2/2
   839 | D:1      | Found a faded altar of an unknown god.
  1080 | D:2      | Reached XP level 3. HP: 9/31 MP: 3/3
  1086 | D:2      | HP: 1/31 [poisoned by an adder]
  2152 | D:3      | Reached XP level 4. HP: 38/38 MP: 4/4
  2440 | D:3      | Reached skill level 5 in Fighting
  2475 | D:3      | Noticed Robin
  2480 | D:3      | Killed Robin
  3021 | D:4      | Noticed a scorpion
  3123 | D:4      | Reached XP level 5. HP: 44/44 MP: 5/5
  3130 | D:4      | Found a blossoming altar of Fedhas.
  3130 | D:4      | Found a sacrificial altar of Ru.
  3136 | D:4      | Found a basalt altar of Yredelemnul.
  3136 | D:4      | Found a hazy altar of Hepliaklqana.
  3240 | D:4      | Reached skill level 5 in Long Blades
  3491 | D:4      | Noticed a water moccasin
  3531 | D:4      | Reached XP level 6. HP: 33/52 MP: 6/6
  3621 | D:4      | Killed a water moccasin
  3848 | D:4      | Found a staircase to the Ecumenical Temple.
  3864 | Temple   | Entered the Ecumenical Temple
  3978 | Temple   | Became a worshipper of Warmaster Okawaru
  4812 | D:4      | Reached XP level 7. HP: 52/59 MP: 7/7
  5082 | D:5      | Entered Level 5 of the Dungeon
  5261 | D:5      | Reached skill level 5 in Armour
  5547 | D:5      | Reached * piety under Okawaru
  5548 | D:5      | Reached skill level 5 in Shields
  5627 | D:5      | Reached XP level 8. HP: 58/67 MP: 8/8
  5804 | D:5      | Noticed a two-headed ogre
  5816 | D:5      | Slain by a two-headed ogre

Illustrated notes

Levels and vault maps discovered:
D:1:      dpeg_arrival_arbitrary_c, layout_loops_corners,
          nicolae_ecumenical_lake_church
D:2:      layout_basic
D:3:      layout_loops_ring, uniq_robin
D:4:      layout_loops_corners, chequers_temple_overflow_statue_of_worship,
          minmay_temple_entry_mini_moons
D:5:      minmay_recursive_quarters, layout_basic
Temple:   mainiacjoe_temple_coin_purse

Skill      XL: |  1  2  3  4  5  6  7  8 |
---------------+-------------------------+-----
Fighting       | 4 5 6 7 |  7.5
Long Blades    | 3 4 5 6 7 |  7.0
Armour         | 5 |  5.0
Shields        | 5 |  5.2

Action                   |  1- 3 |  4- 6 |  7- 9 || total
-------------------------+-------+-------+-------++-------
Melee: Long sword        |   102 |   174 |   114 ||   390
 Abil: Hop               |       |     1 |       ||     1
  Use: Potion            |       |     1 |     1 ||     2
       Scroll            |       |       |     1 ||     1
Armor: Scale mail        |    61 |    56 |    62 ||   179
Dodge: Dodged            |    38 |    75 |    48 ||   161
Block: Buckler           |    28 |    32 |    29 ||    89
